 Dungeon Crawl Stone Soup version 5.2-4-g6121e92 (webtiles) character file.

7217 msp the Vexing (level 12, -3/92 HPs)
             Began as a Gnoll Arcane Marksman on Dec 9, 2017.
             Was a High Priest of Okawaru.
             Slain by a sixfirhy (9 damage)
             ... summoned by an orc sorcerer
             ... led by an orc high priest
             ... on level 12 of the Dungeon.
             The game lasted 00:40:05 (10458 turns).

msp the Vexing (Gnoll Arcane Marksman)             Turns: 10458, Time: 00:40:07

Health: -3/92      AC: 16 (24%)Str: 15  XL:     12   Next: 76%
Magic:  19/21      EV: 22    Int: 14    God:    Okawaru [5*[149]]
Gold:   771        SH:  0    Dex: 18    Spells: 16/34 levels left

rFire    + . .     SeeInvis .   b - +2 war axe (freeze)
rCold    + . .     Faith    .   (no shield)
rNeg     . . .     Spirit   .   K - +0 steam dragon scales
rPois    .         Reflect  .   j - +0 helmet
rElec    .                      G - +0 cloak
rCorr    .                      O - +2 pair of gloves {Str+3}
MR       .....                  E - +2 pair of boots
Stlth    +++++.....             (no amulet)
Regen    0.8/turn               k - ring of ice
MPRegen  0.3/turn               z - ring "Riazash" {Fire Dex+2}

@: regenerating, drained
A: no striking features
a: End Regeneration, Finesse, Renounce Religion


You were on level 12 of the Dungeon.
You worshipped Okawaru.
Okawaru was extremely pleased with you.
You were not hungry.

You visited 1 branch of the dungeon, and saw 12 of its levels.

You collected 771 gold pieces.

Inventory:

Hand Weapons
 a - a +0 shortbow of flaming
 b - a +2 war axe of freezing (weapon)
 r - a +0 dagger of pain
 v - a +2 dagger of protection
 B - a +1 dagger of electrocution
Missiles
 d - 536 arrows
 e - 82 javelins (quivered)
 f - 3571 stones
 l - 17 frenzy darts
 q - 521 bolts
Armour
 c - a +0 robe
 j - a +0 helmet (worn)
 n - a +2 animal skin
 w - a +0 robe of magic resistance
 E - a +2 pair of boots (worn)
 G - a +0 cloak (worn)
 K - +0 steam dragon scales (worn)
 O - a +2 pair of gloves of strength (worn)
Jewellery
 g - an uncursed ring of protection from magic
 k - a ring of ice (left hand)
 p - an uncursed ring of resist corrosion
 z - the ring "Riazash" (right hand) {Fire Dex+2}
   (You found it on level 5 of the Dungeon)

   [ring of fire]

   It enhances your fire magic.
   It affects your dexterity (+2).
   It protects you from fire.
 P - an uncursed ring of ice
 S - a +6 ring of intelligence
Wands
 A - a wand of iceblast (9)
 I - a wand of polymorph (4)
 L - a wand of paralysis (8)
 Q - a wand of digging (13)
 U - a wand of scattershot (2)
 V - a wand of lightning (6)
Scrolls
 m - 2 scrolls of fog
 s - 3 scrolls of magic mapping
 t - 2 scrolls of enchant weapon
 u - 5 scrolls of fear
 x - 2 scrolls of amnesia
 y - 2 scrolls of blinking
 D - a scroll of enchant armour
 H - 2 scrolls of teleportation
Potions
 h - 4 potions of curing
 i - a potion of haste
 o - 2 potions of lignification
 C - a potion of heal wounds
 F - a potion of ambrosia
 J - a potion of magic
 M - a potion of mutation
 N - a potion of berserk rage
 T - 2 potions of resistance
Miscellaneous
 R - a box of beasts


   Skills:
 + Level 8.0(11.3) Fighting
 + Level 6.5(9.8) Blades
 + Level 6.5(9.8) Axes
 + Level 6.5(9.8) Maces & Staves
 + Level 6.5(9.8) Polearms
 + Level 9.5(12.7) Bows
 + Level 6.5(9.8) Crossbows
 + Level 6.5(9.8) Throwing
 + Level 6.5(9.8) Armour
 + Level 9.5(12.7) Dodging
 + Level 6.5(9.8) Stealth
 + Level 6.5(9.8) Shields
 + Level 6.5(9.8) Unarmed Combat
 + Level 8.2(7.5) Spellcasting
 + Level 10.9(10.2) Hexes
 + Level 6.5(5.8) Charms
 + Level 6.5(5.8) Summonings
 + Level 6.5(5.8) Necromancy
 + Level 6.5(5.8) Translocations
 + Level 6.5(5.8) Transmutations
 + Level 6.5(5.8) Fire Magic
 + Level 6.5(5.8) Ice Magic
 + Level 6.5(5.8) Air Magic
 + Level 6.5(5.8) Earth Magic
 + Level 6.5(5.8) Invocations
 + Level 6.5(5.8) Evocations


You had 16 spell levels left.
You knew the following spells:

 Your Spells              Type           Power        Failure   Level  Hunger
a - Corona                Hex            33 (90)      1%          1    N/A
b - Blink                 Tloc           N/A          1%          2    N/A
c - Slow                  Hex            33 (100)     1%          2    N/A
d - Cause Fear            Hex            33 (200)     1%          4    N/A
e - Regeneration          Chrm/Necr      21 (200)     3%          3    N/A
f - Control Undead        Necr           21 (200)     12%         4    N/A
g - Passwall              Tmut/Erth      21 (200)     1%          2    N/A

Dungeon Overview and Level Annotations

Branches:
Dungeon (12/15)

Altars:
Cheibriados
Dithmenos
Elyvilon
Gozag
Hepliaklqana
Jiyva
Kikubaaqudgha
Makhleb
Okawaru
Qazlal
Ru
Sif Muna
Trog
Uskayaw
Vehumet
Xom
Yredelemnul
Zin
The Shining One


Message History

You blink.
The wyvern zombie completely misses you.
The sixfirhy misses you.
Casting: Blink
Confirm with . or Enter, or press ? or * to list all spells.
You blink.
The orc sorcerer completely misses you.
You barely miss the orc sorcerer.
The orc sorcerer is severely wounded.
The sixfirhy hits you (5). The sixfirhy shocks you (10)!
* * * LOW HITPOINT WARNING * * *
The sixfirhy hits you (2).
* * * LOW HITPOINT WARNING * * *
The sixfirhy shocks you (10)!
* * * LOW HITPOINT WARNING * * *
The sixfirhy completely misses you.
The orc sorcerer gestures wildly while chanting.
The sixfirhy hits you (5).
* * * LOW HITPOINT WARNING * * *
The sixfirhy shocks you (9)!
You die...

#....###................
#.##..#..........##.####.##
#.##.#..#ยง#####....#.......
##.##.##.#.# ##.##.# ##.##
#..........######.#.###.....
#....................#.##.#.
#.................##.[# #.#.
#.........3#####..##.## #.#.
#.[........@......##.# #.#.
#.........o#####.....####.#.
#..........## #.............
#........4..###.....#####.#.
#..........#.##.#.#.# #.#.
##.###..##.##.#.#.#.. ....
#..............#.### ##.##
#.###.##......o#.# #.# #.#
#......=.....# #.#


You could see a sixfirhy, a chaos spawn and an orc sorcerer.

Vanquished Creatures
  Josephine (D:11)
  Fannar (D:11)
  Harold (D:11)
  2 two-headed ogres
  4 death yaks (D:11)
  2 orc high priests
  Pikel (D:4)
  An ugly thing (D:8)
  2 manticores (D:11)
  A cyclops (D:11)
  A deep elf mage (D:11)
  A black mamba (D:11)
  Psyche (D:11)
  2 rime drakes
  4 centaur skeletons
  Prince Ribbit (D:6)
  A shadow (D:10)
  10 yaks (D:9)
  3 wyverns
  Eustachio (D:4)
  An angry ghost (D:7)
  6 wraiths
  Grum (D:9)
  2 steam dragons
  3 wargs (D:11)
  5 water moccasins
  3 orc warriors
  3 ice beasts
  3 black bears
  3 slaves (D:4)
  3 ogres
  4 wolves (D:9)
  3 centaurs
  A blink frog skeleton (D:10)
  A rime drake zombie (D:11)
  A bullfrog (D:6)
  2 elf zombies (D:7)
  A wyvern zombie (D:7)
  A water moccasin zombie (D:9)
  4 scorpions
  A wyvern skeleton (D:7)
  5 crimson imps
  6 killer bees
  4 wights
  5 howler monkeys
  2 centaur zombies
  2 hounds (D:6)
  5 orc wizards
  3 quasits
  4 human zombies (D:7)
  A wasp zombie (D:6)
  A bullfrog skeleton (D:6)
  A gnoll shaman (D:6)
  2 jellies
  4 orc priests
  A human skeleton (D:7)
  8 worker ants
  5 iguanas
  A killer bee zombie (D:5)
  A hound zombie (D:7)
  A mummy (D:7)
  Samantha (D:2)
  6 adders
  9 gnolls
  3 shadow imps
  An ooze (D:1)
  An adder skeleton (D:4)
  18 orcs
  11 quokkas
  2 ball pythons (D:2)
  2 giant cockroaches (D:2)
  19 goblins
  5 hobgoblins
  A jackal (D:4)
  7 kobolds
  9 bats
  4 frilled lizards
  9 rats
  A spectral orc (D:5)
264 creatures vanquished.

Notes
Turn   | Place    | Note
-------+----------+-------------------------------------------
     0 | D:1      | msp the Gnoll Arcane Marksman began the quest for the Orb.
     0 | D:1      | Reached XP level 1. HP: 17/17 MP: 4/4
   231 | D:1      | Reached XP level 2. HP: 23/23 MP: 6/6
   692 | D:2      | Reached XP level 3. HP: 29/29 MP: 8/8
   746 | D:2      | Noticed Samantha
   791 | D:2      | Killed Samantha
   834 | D:2      | Noticed a hand axe
   835 | D:2      | Found a hide-covered altar of Uskayaw.
   836 | D:2      | Noticed a hand axe
   847 | D:2      | Reached XP level 4. HP: 20/37 MP: 10/10
   873 | D:2      | Found an opulent altar of Gozag.
   975 | D:2      | Found a sacrificial altar of Ru.
  1123 | D:2      | Found a deep blue altar of Sif Muna.
  1180 | D:2      | Found a glowing silver altar of Zin.
  1526 | D:3      | Reached XP level 5. HP: 43/43 MP: 12/12
  1792 | D:3      | Found a white marble altar of Elyvilon.
  1832 | D:3      | Found a viscous altar of Jiyva.
  1932 | D:3      | Reached XP level 6. HP: 43/50 MP: 13/13
  1937 | D:3      | Learned a level 2 spell: Blink
  1940 | D:3      | Learned a level 2 spell: Slow
  1945 | D:3      | Learned a level 4 spell: Cause Fear
  1957 | D:3      | Found a faded altar of an unknown god.
  2048 | D:3      | Found an ancient bone altar of Kikubaaqudgha.
  2332 | D:4      | Found a shadowy altar of Dithmenos.
  2357 | D:4      | Found a burning altar of Makhleb.
  2372 | D:4      | Found a hazy altar of Hepliaklqana.
  2378 | D:4      | Found a shimmering altar of Xom.
  2488 | D:4      | Noticed a moth of wrath
  2491 | D:4      | Found a bloodstained altar of Trog.
  2591 | D:4      | Noticed a slave
  2591 | D:4      | Noticed a slave
  2591 | D:4      | Noticed a slave
  2592 | D:4      | Noticed Pikel
  2594 | D:4      | Noticed a slave
  2611 | D:4      | Killed a slave
  2695 | D:4      | Killed a slave
  2851 | D:4      | Killed a slave
  2858 | D:4      | Killed Pikel
  2858 | D:4      | Reached XP level 7. HP: 36/56 MP: 11/15
  2972 | D:4      | Reached XP level 8. HP: 60/64 MP: 17/17
  3010 | D:4      | Noticed Eustachio
  3116 | D:4      | Killed Eustachio
  3248 | D:5      | Entered Level 5 of the Dungeon
  3265 | D:5      | Found a basalt altar of Yredelemnul.
  3343 | D:5      | Got the ring "Riazash" {Fire Dex+2}
  4319 | D:6      | Found a snail-covered altar of Cheibriados.
  4337 | D:6      | Noticed Prince Ribbit
  4371 | D:6      | Killed Prince Ribbit
  4371 | D:6      | Reached XP level 9. HP: 66/71 MP: 19/19
  4388 | D:6      | Found an iron altar of Okawaru.
  4400 | D:6      | Became a worshipper of Warmaster Okawaru
  4759 | D:6      | Found a glowing golden altar of the Shining One.
  5164 | D:7      | Reached * piety under Okawaru
  5708 | D:7      | Found a radiant altar of Vehumet.
  5909 | D:7      | Learned a level 3 spell: Regeneration
  5915 | D:7      | Learned a level 4 spell: Control Undead
  5918 | D:7      | Found a stormy altar of Qazlal.
  5976 | D:7      | Reached XP level 10. HP: 67/77 MP: 17/17
  6097 | D:7      | Found a basalt altar of Yredelemnul.
  6120 | D:7      | Reached ** piety under Okawaru
  6401 | D:8      | Noticed a brown ugly thing
  6439 | D:8      | Killed a brown ugly thing
  7250 | D:9      | Noticed a two-headed ogre
  7272 | D:9      | Killed a two-headed ogre
  7272 | D:9      | Reached *** piety under Okawaru
  7372 | D:9      | Noticed Grum
  7378 | D:9      | Killed Grum
  7386 | D:9      | Reached **** piety under Okawaru
  7575 | D:9      | Reached XP level 11. HP: 84/84 MP: 19/19
  7790 | D:9      | Reached ***** piety under Okawaru
  8072 | D:10     | Entered Level 10 of the Dungeon
  8261 | D:10     | Noticed a two-headed ogre
  8320 | D:10     | Killed a two-headed ogre
  8965 | D:11     | Noticed Psyche
  9000 | D:11     | Killed Psyche
  9026 | D:11     | Noticed a manticore
  9037 | D:11     | Killed a manticore
  9037 | D:11     | Received a gift from Okawaru
  9099 | D:11     | Noticed a cyclops
  9121 | D:11     | Killed a cyclops
  9144 | D:11     | Noticed a death yak
  9263 | D:11     | Noticed a death yak
  9263 | D:11     | Noticed a death yak
  9264 | D:11     | Noticed a death yak
  9415 | D:11     | Noticed Josephine
  9448 | D:11     | Killed Josephine
  9448 | D:11     | Received a gift from Okawaru
  9464 | D:11     | Reached XP level 12. HP: 85/92 MP: 21/21
  9581 | D:11     | Noticed an orc high priest
  9608 | D:11     | Killed an orc high priest
  9751 | D:11     | Noticed Fannar
  9783 | D:11     | Killed Fannar
  9831 | D:11     | Learned a level 2 spell: Passwall
  9869 | D:11     | Noticed Harold
  9878 | D:11     | Killed Harold
  9925 | D:11     | Killed a death yak
  9934 | D:11     | Killed a death yak
  9948 | D:11     | Killed a death yak
  9968 | D:11     | Killed a death yak
 10408 | D:12     | Noticed an orc high priest
 10430 | D:12     | Killed an orc high priest
 10458 | D:12     | Slain by a sixfirhy

Action                   |  1- 3 |  4- 6 |  7- 9 | 10-12 || total
-------------------------+-------+-------+-------+-------++-------
Melee: Dagger            |    10 |   161 |   189 |       ||   360
       Punch             |       |     4 |     2 |    24 ||    30
       War axe           |       |       |   177 |   499 ||   676
 Fire: Shortbow          |    89 |    22 |    82 |   311 ||   504
Throw: Javelin           |       |     1 |       |    24 ||    25
 Cast: Slow              |       |     8 |     2 |     5 ||    15
       Blink             |       |     2 |    15 |    22 ||    39
       Cause Fear        |       |     1 |     2 |     9 ||    12
       Regeneration      |       |       |     1 |       ||     1
Invok: Finesse           |       |       |       |     1 ||     1
  Use: Potion            |       |       |     1 |     1 ||     2
       Scroll            |       |       |     1 |     2 ||     3
 Stab: Sleeping          |       |     8 |     8 |    13 ||    29
Armor: Robe              |     5 |       |       |       ||     5
       Animal skin       |     4 |    24 |    96 |    52 ||   176
       Skin              |       |       |    25 |    38 ||    63
       Steam dragon scal |       |       |       |    83 ||    83
Dodge: Dodged            |    24 |   101 |   421 |   471 ||  1017
